 Dungeon Crawl Stone Soup version 0.25-a0-246-g58704a1ebd (webtiles) character file.

Game seed: 7661892340967758223, levelgen mode: deterministic

5889 D1HalberdGnoll the Fighter (level 10, -6/110 HPs)
             Began as an Ogre Necromancer on Dec 3, 2019.
             Was a Believer of Kikubaaqudgha.
             Mangled by a manticore (13 damage)
             ... on level 9 of the Dungeon.
             The game lasted 00:22:23 (11914 turns).

D1HalberdGnoll the Fighter (Ogre Necromancer)      Turns: 11914, Time: 00:22:24

Health: -6/110     AC:  3    Str: 14    XL:     10   Next: 82%
Magic:  2/19       EV:  9    Int: 18    God:    Kikubaaqudgha [**....]
Gold:   630        SH:  9    Dex: 10    Spells: 9/21 levels left

rFire    + . .     SeeInvis .   y - +0 flail (venom)
rCold    + . .     Gourm    +   x - +0 shield
rNeg     . . .     Faith    .   F - +0 robe {Archmagi}
rPois    .         Spirit   .   (helmet restricted)
rElec    .         Reflect  .   g - scarf {rC+ rF+}
rCorr    +         Harm     .   (gloves unavailable)
MR       +....                  (boots unavailable)
Stlth    ++........             r - amulet of the gourmand
HPRegen  0.28/turn              E - ring of resist corrosion
MPRegen  0.16/turn              (no ring)

@: no status effects
A: large, unfitting armour, tough skin 1
a: Receive Corpses, Renounce Religion


You were on level 9 of the Dungeon.
You worshipped Kikubaaqudgha.
Kikubaaqudgha was pleased with you.
You were completely stuffed.

You visited 2 branches of the dungeon, and saw 10 of its levels.

You collected 630 gold pieces.

Inventory:

Hand Weapons
 y - a +0 flail of venom (weapon)
   (You took it off Edmund on level 6 of the Dungeon)
Armour
 g - a scarf of resistance (worn)
   (You found it on level 3 of the Dungeon)
 x - a +0 shield (worn)
   (You found it on level 5 of the Dungeon)
 F - a +0 robe of the Archmagi (worn)
   (You took it off an orc wizard on level 8 of the Dungeon)
Jewellery
 r - an amulet of the gourmand (around neck)
   (You found it on level 3 of the Dungeon)
 E - a ring of resist corrosion (left hand)
   (You took it off an orc on level 8 of the Dungeon)
 H - an uncursed ring of flight {unknown}
   (You found it on level 9 of the Dungeon)
Wands
 d - a wand of iceblast (17)
   (You found it on level 4 of the Dungeon)
 t - a wand of flame (5)
   (You found it on level 5 of the Dungeon)
 u - a wand of paralysis (2)
   (You found it on level 3 of the Dungeon)
 v - a wand of digging (4)
   (You found it on level 7 of the Dungeon)
 z - a wand of polymorph (9)
   (You found it on level 7 of the Dungeon)
Scrolls
 a - a scroll of torment {unknown}
 b - 9 scrolls of identify {@r1}
 f - 2 scrolls of fog
 k - 2 scrolls of immolation {!r}
 l - 2 scrolls of enchant armour
 w - a scroll of enchant weapon {unknown}
 A - a scroll of noise {unknown}
 B - 5 scrolls of teleportation {@r4}
 C - a scroll of remove curse {@r2}
 D - a scroll of magic mapping {unknown}
Potions
 c - a potion of lignification {unknown}
 h - a potion of magic {unknown}
 i - 3 potions of brilliance {unknown}
 j - 2 potions of haste {@q3}
 m - a potion of cancellation {unknown}
 n - 3 potions of heal wounds {unknown}
 o - 2 potions of berserk rage {unknown}
 p - 3 potions of resistance {unknown}
 q - a potion of flight {unknown}
 s - 3 potions of curing {@q1}
Comestibles
 e - 13 rations {!d}
 G - 6 chunks of flesh


   Skills:
 + Level 10.1 Fighting
 + Level 5.4 Maces & Flails
 - Level 1.7 Dodging
 - Level 1.4 Stealth
 + Level 6.4 Shields
 - Level 6.0 Spellcasting
 + Level 9.0 Necromancy


You had 9 spell levels left.
You knew the following spells:

 Your Spells              Type           Power        Failure   Level  Hunger
a - Pain                  Necr           ####         1%          1    None
b - Vampiric Draining     Necr           ######....   1%          3    ##.....
e - Regeneration          Chrm/Necr      ####......   10%         3    ##.....
s - Animate Skeleton      Necr           N/A          1%          1    None
u - Animate Dead          Necr           N/A          4%          4    ####...

Your spell library contained the following spells:

 Spells                   Type           Power        Failure   Level  Hunger
 Sublimation of Blood     Necr           ######....   1%          2    None
 Infusion                 Chrm           #...         21%         1    None
 Sandblast                Erth           #.....       21%         1    None
 Passwall                 Tmut/Erth      #.......     30%         2    None
 Shroud of Golubria       Chrm/Tloc      #.....       30%         2    None
 Song of Slaying          Chrm           #.......     30%         2    None
 Spectral Weapon          Hex/Chrm       #.......     52%         3    ##.....
 Stone Arrow              Conj/Erth      #.....       52%         3    ##.....
 Petrify                  Tmut/Erth      #.......     90%         4    ####...
 Lee's Rapid Deconstruct  Erth           #.........   99%         5    #####..


Dungeon Overview and Level Annotations

Branches:
Dungeon (9/15)             Temple (1/1) D:7             Orc (0/2) D:9
   Lair: D:8-11

Altars:
Ashenzari
Cheibriados
Dithmenos
Elyvilon
Fedhas
Gozag
Hepliaklqana
Kikubaaqudgha
Makhleb
Nemelex Xobeh
Okawaru
Qazlal
Ru
Sif Muna
Trog
Uskayaw
Vehumet
Wu Jian
Xom
Yredelemnul
Zin
The Shining One

Annotations:
D:1 exclusion: downstairs
D:3 Sigmund


Innate Abilities, Weirdness & Mutations

You are too large for most types of armour.
You have tough skin. (AC +1)


Message History

You feel a surge of power!
The two-headed ogre writhes in agony!
You swap places.
You swap places.
The two-headed ogre hits your centaur skeleton with a +0 giant club!! x2
Your centaur skeleton is destroyed!
Your bullfrog skeleton hits the two-headed ogre.
The two-headed ogre hits your bullfrog skeleton with a +0 giant club!
The two-headed ogre hits your bullfrog skeleton with a +0 giant club!!
Your bullfrog skeleton is destroyed!
Aim: a two-headed ogre, wielding two +0 giant clubs (moderately wounded, chance to defeat MR: 28%)
The two-headed ogre evaporates and reforms as a manticore!
The manticore flicks its tail.
The volley of spikes hits you!!
The barbed spikes become lodged in your body.
Aim: a manticore The mass of ice explodes!
The iceblast engulfs the manticore!
Aim: a manticore (lightly wounded, chance to defeat MR: 71%)
You feel a surge of power!
The manticore writhes in agony.
Aim: a manticore (moderately wounded, chance to defeat MR: 71%)
You feel a surge of power!
The manticore writhes in agony.
Aim: a manticore (moderately wounded)
You feel a surge of power!
You feel life coursing into your body.
You carefully extract the barbed spikes from your body.
The manticore bites you! The manticore claws you!
* * * LOW HITPOINT WARNING * * *
The manticore claws you!
* * * LOW HITPOINT WARNING * * *
Aim: a manticore (moderately wounded)
You feel a surge of power!
You feel life coursing into your body. The manticore closely misses you.
You block the manticore's attack. x2
Aim: a manticore (heavily wounded)
You feel a surge of power!
You feel life coursing into your body. The manticore bites you!
* * * LOW HITPOINT WARNING * * *
The manticore claws you!
* * * LOW HITPOINT WARNING * * *
The manticore claws you!
* * * LOW HITPOINT WARNING * * *
Okay, then.
You don't have enough magic to cast that spell.
Okay, then.
Okay, then.
Aim: a manticore (severely wounded, chance to defeat MR: 28%)
Okay, then.
Okay, then.
It was a potion of curing.
You feel better. The manticore bites you!
* * * LOW HITPOINT WARNING * * *
The manticore claws you!
You die...
Kikubaaqudgha rasps: "You have failed me!
Welcome... death!"

########## ####
#........# #..
####.######.# #.#
#.......###.###)####
#.##.##....Z.....(.#
#.#......##.#...##..
#.#..##.###......###
#...........#.......
###@##########.#####
#H# #.# # #.# #.# #
#.# ##+# #)# ##...##
#.# ##.....### ...
##.......## ...
#........(# .....
+.........'


You could see a manticore.

Vanquished Creatures
  A two-headed ogre (D:9)
  A troll (D:8)
  A hornet (D:9)
  2 slime creatures (D:9)
  A hippogriff (D:8)
  2 humans (D:9)
  A steam dragon (D:8)
  Edmund (D:6)
  A soldier ant (D:9)
  An orc warrior (D:8)
  2 ice beasts (D:8)
  A sky beast (D:8)
  2 phantoms
  7 ogres
  2 centaurs
  2 big kobolds
  4 bullfrogs
  2 scorpions
  5 killer bees (D:9)
  4 howler monkeys
  4 crimson imps
  6 hounds
  7 orc wizards
  2 centaur skeletons
  6 orc priests
  2 bullfrog skeletons
  An iguana (D:8)
  6 worker ants
  A killer bee zombie (D:7)
  A hound zombie (D:5)
  A hound skeleton (D:4)
  5 gnolls
  6 adders
  A shadow imp (D:8)
  2 oozes
  An adder skeleton (D:9)
  A worm (D:3)
  7 leopard geckos
  23 orcs
  7 bats
  6 giant cockroaches
  9 goblins
  7 hobgoblins
  5 jackals
  14 kobolds
  A quokka (D:6)
  3 ball pythons
  4 frilled lizards
  A quokka skeleton (D:6)
  5 rats
188 creatures vanquished.

Vanquished Creatures (collateral kills)
  An ice beast (D:5)
  2 orc priests (D:5)
  2 hounds (D:6)
  A jelly (D:8)
  A gnoll (D:2)
  A dart slug (D:1)
  A leopard gecko (D:6)
  2 orcs
  3 bats
  A giant cockroach (D:2)
  A goblin (D:2)
  A hobgoblin (D:2)
  A jackal (D:6)
18 creatures vanquished.

Grand Total: 206 creatures vanquished

Notes
Turn   | Place    | Note
-------+----------+-------------------------------------------
     0 | D:1      | D1HalberdGnoll the Ogre Necromancer began the quest for the
                  | Orb.
     0 | D:1      | Reached XP level 1. HP: 16/16 MP: 3/3
    28 | D:1      | Learned a level 1 spell: Animate Skeleton
   181 | D:1      | Reached XP level 2. HP: 24/26 MP: 1/5
   348 | D:1      | Reached skill level 1 in Fighting
  1202 | D:2      | Reached XP level 3. HP: 31/33 MP: 4/7
  1600 | D:2      | Reached skill level 2 in Fighting
  1600 | D:2      | Reached XP level 4. HP: 38/42 MP: 1/8
  2099 | D:3      | Reached XP level 5. HP: 32/50 MP: 1/10
  2306 | D:3      | Noticed Sigmund
  2627 | D:3      | Learned a level 3 spell: Vampiric Draining
  2951 | D:4      | Noticed an ogre
  2958 | D:4      | Killed an ogre
  2958 | D:4      | Reached skill level 3 in Fighting
  2958 | D:4      | Reached skill level 5 in Necromancy
  2958 | D:4      | Reached XP level 6. HP: 57/61 MP: 4/11
  3013 | D:4      | Found a shattered altar of Ashenzari.
  3381 | D:4      | Reached skill level 4 in Fighting
  3853 | D:5      | Entered Level 5 of the Dungeon
  3878 | D:5      | Reached XP level 7. HP: 52/71 MP: 7/13
  4273 | D:5      | Reached skill level 5 in Fighting
  4293 | D:5      | Reached skill level 5 in Spellcasting
  4724 | D:5      | Reached skill level 1 in Shields
  4724 | D:5      | Reached XP level 8. HP: 52/81 MP: 9/15
  4967 | D:5      | Found a snail-covered altar of Cheibriados.
  5201 | D:6      | Noticed Edmund
  5211 | D:6      | Killed Edmund
  5428 | D:6      | Reached skill level 6 in Fighting
  6061 | D:7      | Reached skill level 1 in Maces & Flails
  6393 | D:7      | Reached XP level 9. HP: 71/92 MP: 18/18
  6407 | D:7      | Reached skill level 7 in Fighting
  6627 | D:7      | Found a staircase to the Ecumenical Temple.
  6645 | Temple   | Entered the Ecumenical Temple
  6867 | Temple   | Became a worshipper of Kikubaaqudgha
  7483 | D:8      | Found an opulent altar of Gozag.
  8488 | D:8      | Reached skill level 8 in Fighting
  8495 | D:8      | Reached * piety under Kikubaaqudgha
  8495 | D:8      | Identified Kikubaaqudgha's Guide on Stolen Souls
                  | (Kikubaaqudgha gifted it to you on level 8 of the Dungeon)
  8495 | D:8      | Received a gift from Kikubaaqudgha
  8872 | D:8      | Learned a level 4 spell: Animate Dead
  8876 | D:8      | Learned a level 3 spell: Regeneration
  8972 | D:8      | Found a shimmering altar of Xom.
  8978 | D:8      | Found a basalt altar of Yredelemnul.
  9469 | D:8      | Reached skill level 5 in Shields
  9591 | D:9      | Noticed a troll
  9601 | D:8      | Killed a troll
  9601 | D:8      | Reached XP level 10. HP: 41/106 MP: 10/19
  9961 | D:9      | Reached skill level 9 in Fighting
 10189 | D:9      | Found an iron altar of Okawaru.
 10312 | D:9      | Noticed a two-headed ogre
 10328 | D:9      | Killed a two-headed ogre
 10830 | D:9      | Reached skill level 5 in Maces & Flails
 11416 | D:9      | Reached skill level 10 in Fighting
 11418 | D:9      | Reached ** piety under Kikubaaqudgha
 11832 | D:9      | Found a staircase to the Orcish Mines.
 11898 | D:9      | Noticed a two-headed ogre
 11907 | D:9      | Noticed a manticore
 11907 | D:9      | a two-headed ogre changed into a manticore
 11914 | D:9      | Mangled by a manticore

Levels and vault maps discovered:
D:1:      scummos_arrival_simple_crosswalls, layout_basic,
          minmay_misc_feat_tower, kennysheep_small_spiral
D:2:      layout_rooms, chequers_serial_rivers_micro_d
D:3:      layout_loops_ring, first_ration, uniq_sigmund
D:4:      layout_rooms, chequers_serial_rivers_room_b,
          nicolae_ashenzari_panopticon
D:5:      layout_loops_cross, cheibriados_altar_1
D:6:      layout_cave_pools, moated_statue, uniq_edmund
D:7:      layout_basic, minmay_temple_entry_waves
D:8:      layout_basic, overflow_temple_1_default,
          amethyst_overflow_temple_binary
D:9:      layout_loops_corners, okawaru_humans, orc_0_dummy,
          hangedman_pestilent_swarm, nrook_campfire,
          nicolae_dithmenos_through_a_glass_darkly
Temple:   dpeg_five_rooms_temple

Skill      XL: |  1  2  3  4  5  6  7  8  9 10 |
---------------+-------------------------------+-----
Fighting       | 1 2 3 4 5 6 8 10 | 10.1
Necromancy     | 4 5 6 7 8 9 |  9.0
Spellcasting   | 3 4 5 6 |  6.0
Shields        | 1 3 5 6 |  6.4
Maces & Flails | 1 4 5 |  5.4
Dodging        | |  1.7
Stealth        | |  1.4

Action                   |  1- 3 |  4- 6 |  7- 9 | 10-12 || total
-------------------------+-------+-------+-------+-------++-------
Melee: Club              |    26 |     8 |       |       ||    34
       Unarmed           |     1 |       |       |       ||     1
       Mace              |       |     8 |       |       ||     8
       Dagger            |       |    52 |    89 |       ||   141
       Flail             |       |       |   268 |   115 ||   383
 Cast: Pain              |    49 |    79 |    76 |    16 ||   220
       Animate Skeleton  |    10 |    22 |    21 |     4 ||    57
       Vampiric Draining |       |       |    19 |    21 ||    40
       Regeneration      |       |       |       |     1 ||     1
Evoke: Wand              |       |       |     9 |     4 ||    13
  Use: Scroll            |       |     7 |     1 |       ||     8
       Potion            |       |       |       |     1 ||     1
 Stab: Paralysed         |       |       |     4 |     7 ||    11
       Distracted        |       |       |     1 |       ||     1
       Sleeping          |       |       |       |     2 ||     2
  Eat: Chunk             |     3 |    22 |    19 |     9 ||    53
Armor: Robe              |    18 |    26 |    93 |    18 ||   155
Dodge: Dodged            |    25 |    57 |   150 |    45 ||   277
Block: Shield            |       |       |   145 |    55 ||   200

Table legend:
 A = Non-vault XP
 B = Vault XP
 C = Vault XP percentage of total XP
 D = Non-vault monster count
 E = Vault monster count
 F = Vault count percentage of total count
                 A         B        C        D         E       F
            +---------+---------+-------+---------+---------+-------
      Total |    7395 |    1019 |  12.1 |     199 |       7 |   3.4
            +---------+---------+-------+---------+---------+-------
        D:1 |      43 |       0 |   0.0 |      19 |       0 |   0.0
        D:2 |      68 |       0 |   0.0 |      23 |       0 |   0.0
        D:3 |      99 |       0 |   0.0 |      23 |       0 |   0.0
        D:4 |     393 |       0 |   0.0 |      14 |       0 |   0.0
        D:5 |     708 |       0 |   0.0 |      21 |       0 |   0.0
        D:6 |     540 |     111 |  17.1 |      18 |       1 |   5.3
        D:7 |     715 |       0 |   0.0 |      19 |       0 |   0.0
        D:8 |    2127 |       0 |   0.0 |      42 |       0 |   0.0
        D:9 |    2702 |     908 |  25.2 |      20 |       6 |  23.1
            +---------+---------+-------+---------+---------+-------
